Map: Templo óseo EE

Players

Rick

  • Race: Protoss Protoss
  • League: Silver
  • Spawn Location: 6:00

Nicraf

  • Race: Terran Terran
  • League: Bronze
  • Spawn Location: 7:00

MITHDRAUG

  • Race: Protoss Protoss
  • League: Gold
  • Spawn Location: 7:00

TATORREA

  • Race: Protoss Protoss
  • League: Gold
  • Spawn Location: 3:00

tigro

  • Race: Terran Terran
  • League: Bronze
  • Spawn Location: 1:00

MrFercho

  • Race: Zerg Zerg
  • League: Silver
  • Spawn Location: 12:00

VOD

Have the link to the VOD?

Description

Time

  • Played on: July 14, 2020, 8:51 p.m.
  • Length: 19:10
Show
View Real Time Build Order
Export as new Build Order

Rick Protoss 

Build Orders: Carriers 

Get SALT Encoding   

  1  0:00  Probe  
  13  0:16  Probe  
  13  0:17  Pylon  
  14  0:37  Gateway  
  14  0:45  Probe  
  15  0:52  Forge  
  15  0:59  Probe  
  16  1:07  Probe  
  16  1:08  Assimilator  
  17  1:16  Probe  
  18  1:27  Photon Cannon  
  18  1:28  Probe  
  19  1:52  Nexus  
  19  1:59  Zealot  
  21  2:08  Probe  
  21  2:11  Pylon  
  22  2:16  Probe  
  23  2:25  Assimilator  
  23  2:27  Probe  
  24  2:37  Cybernetics Core  
  24  2:39  Probe  
  25  2:51  Probe  
  26  3:03  Probe  
  27  3:13  Pylon  
  27  3:15  Probe  
  28  3:25  Stargate  
  28  3:35  Probe  
  29  3:43  Probe  
  29  3:47  Assimilator  
  29  3:48  Zealot  
  32  3:52  Assimilator, Probe  
  32  3:53  Stargate  
  33  3:56  Probe  
  34  4:04  Probe x2  
  36  4:12  Probe  
  36  4:14  Probe  
  38  4:19  Void Ray  
  38  4:20  Probe  
  42  4:26  Probe  
  42  4:30  Zealot  
  42  4:31  Probe  
  46  4:37  Pylon  
  46  4:38  Probe  
  48  4:43  Probe  
  49  4:46  Void Ray  
  49  4:51  Stargate  
  53  4:54  Probe  
  54  5:02  Probe  
  55  5:08  Zealot  
  55  5:11  Probe  
  58  5:20  Probe  
  58  5:26  Fleet Beacon  
  58  5:28  Probe  
  60  5:43  Pylon  
  60  5:45  Pylon  
  60  5:59  Zealot  
  60  6:01  Void Ray x2  
  70  6:07  Void Ray  
  74  6:11  Unknown  
  74  6:44  Void Ray  
  66  6:53  Carrier  
  68  6:55  Probe  
  69  7:03  Probe  
  70  7:08  Zealot  
  70  7:15  Probe  
  73  7:36  Zealot  
  75  8:03  Zealot  
  77  8:14  Nexus  
  77  8:17  Assimilator  
  77  8:18  Pylon  
  77  8:22  Assimilator  
  77  8:23  Pylon  
  77  8:24  Pylon  
  77  8:26  Protoss Air Weapons Level 1  
  77  8:36  Carrier, Zealot  
  85  8:41  Carrier, Stargate  
  85  8:42  Carrier  
  97  8:55  Probe  
  98  9:03  Zealot  
  98  9:07  Probe  
  101  9:19  Probe  
  102  9:30  Zealot  
  104  9:31  Probe  
  104  9:32  Carrier  
  111  9:40  Carrier  
  117  9:51  Pylon  
  117  9:52  Pylon  
  117  9:55  Pylon  
  117  10:09  Probe, Zealot  
  120  10:16  Probe  
  121  10:26  Carrier x2  
  133  10:28  Probe  
  134  10:36  Zealot  
  134  10:40  Probe  
  137  10:47  Pylon  
  137  10:48  Pylon  
  137  10:52  Probe  
  137  10:55  Pylon  
  137  10:56  Pylon  
  138  11:05  Carrier, Probe  
  138  11:06  Carrier  
  151  11:30  Carrier  
  151  11:31  Carrier  
  163  11:37  Twilight Council  
  163  12:01  Probe  
  164  12:09  Carrier  
  164  12:10  Probe  
  171  12:17  Pylon  
  171  12:19  Pylon, Probe  
  171  12:21  Pylon  
  172  12:23  Pylon  
  172  12:27  Pylon  
  172  12:29  Pylon  
  172  12:31  Probe  
  172  12:36  Carrier  
  179  12:43  Probe  
  180  12:45  Carrier x2  
  186  13:13  Carrier  
  158  13:40  Carrier  
  164  13:42  Protoss Shields Level 1  
  164  13:49  Carrier x2  
  176  14:07  Protoss Air Weapons Level 2, Mothership  
  184  14:14  Probe  
  184  14:22  Probe  
  176  14:32  Probe  
  169  14:44  Probe  
  164  14:56  Probe  
  165  15:21  Carrier x4  
  153  16:25  Carrier x4  
  177  16:38  Protoss Air Armor Level 1  
  177  17:29  Carrier x2  
  193  17:30  Carrier x2  
Show
View Real Time Build Order
Export as new Build Order

Nicraf Terran 

Build Orders: 1/1/1 

Get SALT Encoding   

  12  0:20  Supply Depot, SCV  
  13  0:32  SCV, Refinery  
  14  0:45  Barracks  
  14  0:53  Refinery  
  14  0:54  SCV  
  15  1:08  SCV  
  16  1:20  SCV  
  17  1:32  SCV  
  18  1:37  Factory  
  18  1:45  Marine  
  19  2:02  Marine  
  19  2:07  Engineering Bay  
  20  2:20  Marine  
  21  2:23  Starport  
  21  2:26  Factory Tech Lab  
  21  2:38  Marine  
  21  2:44  Missile Turret  
  22  2:53  Hi-Sec Auto Tracking  
  22  2:56  Marine  
  23  3:04  Missile Turret  
  23  3:11  Fusion Core  
  23  3:12  Starport Tech Lab  
  23  3:30  Refinery  
  23  3:37  Orbital Command  
  23  4:12  Refinery  
  23  4:21  Siege Tank  
  26  4:27  SCV  
  27  4:39  SCV  
  28  4:51  SCV  
  29  5:03  SCV  
  30  5:13  Command Center  
  30  5:15  SCV  
  31  6:24  Battlecruiser, SCV, Siege Tank  
  41  6:28  Supply Depot, SCV  
  42  6:40  SCV  
  43  6:52  SCV  
  44  7:04  SCV  
  44  7:05  Missile Turret  
  45  7:09  Marine  
  46  7:16  SCV  
  46  7:18  Terran Infantry Weapons Level 1  
  47  7:27  Marine  
  47  7:29  Supply Depot  
  48  7:44  Marine  
  49  7:52  Supply Depot  
  49  8:02  Marine  
  44  8:19  Battlecruiser  
  50  8:20  Marine  
  50  8:24  SCV  
  52  8:36  SCV  
  52  8:39  Bunker  
  53  8:48  Marine, SCV  
  55  9:00  SCV  
  56  9:12  SCV  
  57  9:23  Battlecruiser  
  63  9:30  Bunker  
  63  9:41  Missile Turret  
  63  10:27  Command Center  
  63  10:28  Battlecruiser  
  69  10:45  Starport  
  69  11:23  Armory  
  69  11:32  Battlecruiser  
  75  11:35  Starport Tech Lab  
  75  11:55  Battlecruiser  
  81  12:01  SCV  
  82  12:13  SCV  
  82  12:14  Terran Ship Weapons Level 1  
  83  12:22  Supply Depot  
  83  12:25  SCV  
  84  12:36  Battlecruiser  
  90  12:38  SCV  
  91  12:44  Supply Depot  
  91  12:50  SCV  
  92  12:59  Battlecruiser  
  98  13:40  Battlecruiser  
  80  13:55  Starport  
  80  14:08  Refinery  
  80  14:10  SCV  
  81  14:22  SCV  
  82  14:26  Siege Tank  
  76  14:35  Supply Depot, SCV  
  69  14:45  Battlecruiser  
  69  14:47  SCV  
  67  14:59  SCV  
  55  15:19  Marine  
  56  15:25  Missile Turret  
  56  15:33  Starport Tech Lab  
  56  15:37  Marine  
  56  15:39  Battlecruiser  
  63  15:44  Missile Turret  
  63  15:45  Terran Ship Weapons Level 2  
  63  15:49  Battlecruiser  
  69  15:54  Marine  
  70  16:20  Bunker  
  70  16:23  Marine  
  71  16:41  Marine  
  71  16:43  Battlecruiser  
  71  16:45  Refinery  
  78  16:55  Bunker  
  78  16:59  Marine  
  79  17:08  Battlecruiser x2  
  91  17:17  Marine  
  90  17:34  Marine  
  90  17:48  Battlecruiser  
  96  17:52  Bunker, Marine  
  97  18:10  Marine  
  110  18:28  Marine  
  110  18:31  Supply Depot  
  111  18:46  Marine  
Show
View Real Time Build Order
Export as new Build Order

MITHDRAUG Protoss 

Build Orders: Carriers 

Get SALT Encoding   

  1  0:00  Probe  
  12  0:06  Probe  
  14  0:16  Probe  
  15  0:28  Pylon  
  15  0:34  Pylon  
  15  0:46  Probe  
  16  0:56  Gateway  
  16  0:58  Probe  
  17  1:06  Forge, Probe  
  18  1:14  Probe  
  18  1:25  Probe  
  20  1:37  Probe  
  21  1:46  Cybernetics Core  
  21  1:49  Probe  
  21  1:53  Photon Cannon  
  22  1:59  Photon Cannon  
  22  2:01  Probe  
  22  2:07  Photon Cannon  
  23  2:13  Probe  
  23  2:14  Assimilator  
  24  2:19  Assimilator  
  24  2:31  Nexus  
  24  2:53  Probe  
  25  3:02  Probe  
  25  3:11  Probe  
  26  3:16  Pylon  
  27  3:21  Nexus  
  27  3:37  Pylon  
  27  3:50  Stargate  
  27  3:52  Pylon  
  27  3:56  Pylon  
  27  3:58  Stargate  
  27  4:01  Probe  
  27  4:09  Probe  
  28  4:11  Assimilator  
  28  4:15  Assimilator  
  29  4:18  Probe  
  29  4:20  Probe  
  31  4:26  Probe  
  31  4:28  Probe  
  32  4:34  Probe  
  32  4:38  Probe  
  33  4:41  Oracle  
  33  4:44  Probe  
  38  4:47  Oracle  
  38  4:50  Probe  
  38  4:52  Probe  
  43  4:57  Probe  
  44  5:00  Probe  
  44  5:05  Probe  
  46  5:11  Probe  
  48  5:14  Probe  
  49  5:23  Protoss Air Weapons Level 1, Probe  
  49  5:27  Probe  
  52  5:35  Probe  
  52  5:39  Assimilator, Probe  
  53  5:44  Assimilator  
  53  5:47  Probe  
  54  5:51  Probe  
  55  5:59  Probe  
  55  6:03  Probe  
  54  6:12  Probe  
  54  6:15  Probe  
  56  6:28  Fleet Beacon  
  53  6:34  Pylon  
  53  6:39  Pylon  
  53  6:47  Probe  
  54  6:55  Probe  
  54  6:59  Stargate  
  54  7:01  Stargate  
  55  7:05  Probe, Stargate  
  56  7:08  Stargate  
  56  7:13  Carrier  
  56  7:15  Carrier  
  68  7:17  Probe  
  68  7:18  Protoss Shields Level 1  
  69  7:23  Cybernetics Core  
  69  7:26  Pylon  
  69  7:29  Probe  
  70  7:30  Pylon  
  70  7:33  Pylon  
  70  7:35  Pylon  
  70  7:37  Probe  
  71  7:45  Probe  
  72  7:52  Carrier  
  72  7:54  Carrier  
  72  7:55  Probe  
  72  7:57  Anion Pulse-Crystals  
  85  8:07  Probe  
  86  8:17  Carrier  
  92  8:25  Carrier  
  98  8:37  Tempest  
  103  9:01  Protoss Air Weapons Level 2  
  103  9:02  Tempest  
  108  9:07  Protoss Air Armor Level 1  
  108  9:09  Probe  
  109  9:17  Probe  
  110  9:26  Robotics Facility, Probe  
  110  9:29  Tempest  
  116  9:39  Probe  
  116  9:42  Tempest  
  122  9:51  Probe  
  82  11:11  Carrier  
  82  11:13  Carrier  
  82  11:15  Carrier  
  82  11:17  Carrier  
  112  11:18  Carrier  
  112  11:20  Carrier  
  118  11:37  Observer  
  119  11:42  Twilight Council  
  119  11:51  Protoss Air Armor Level 2  
  119  11:54  Protoss Air Weapons Level 3  
  119  12:06  Nexus  
  119  12:13  Assimilator  
  119  12:18  Assimilator  
  119  12:24  Pylon  
  119  12:27  Pylon  
  125  12:30  Carrier  
  125  12:31  Carrier  
  125  12:33  Carrier  
  137  12:41  Tempest  
  142  13:02  Tempest  
  142  13:04  Tempest  
  152  13:32  Protoss Shields Level 2  
  152  13:48  Tempest  
  157  13:49  Tempest  
  157  13:51  Tempest  
  157  13:52  Tempest  
  172  14:11  Pylon  
  172  14:16  Pylon  
  172  14:17  Pylon  
  172  14:20  Pylon  
  172  14:24  Pylon  
  172  14:29  Probe  
  173  14:41  Probe  
  174  14:53  Probe  
  175  15:05  Probe  
  176  15:17  Probe  
  183  16:32  Carrier  
  183  16:34  Carrier  
  183  16:36  Carrier  
Show
View Real Time Build Order
Export as new Build Order

TATORREA Protoss 

Build Orders:  

Get SALT Encoding   

  12  0:01  Probe  
  13  0:13  Probe  
  14  0:24  Pylon  
  14  0:25  Probe  
  15  0:42  Probe  
  16  0:44  Gateway  
  16  0:54  Probe  
  17  0:58  Assimilator  
  17  1:04  Pylon  
  17  1:10  Probe  
  17  1:18  Probe  
  19  1:27  Probe  
  20  1:39  Probe  
  21  1:51  Nexus  
  21  1:53  Probe  
  21  1:54  Pylon  
  22  2:05  Probe  
  23  2:13  Cybernetics Core  
  23  2:17  Probe  
  24  2:29  Probe  
  25  2:31  Gateway  
  25  2:34  Assimilator, Zealot  
  27  2:41  Probe  
  28  2:50  Warp Gate  
  28  2:54  Probe  
  29  3:00  Stalker  
  31  3:06  Probe  
  32  3:15  Probe  
  32  3:18  Probe  
  34  3:21  Sentry  
  34  3:24  Gateway  
  36  3:27  Pylon, Probe  
  36  3:30  Probe  
  38  3:40  Probe  
  39  3:42  Probe  
  40  4:01  Probe  
  40  4:02  Probe, Stargate x2  
  42  4:13  Probe  
  42  4:14  Probe  
  44  4:25  Probe  
  44  4:26  Probe  
  44  4:31  Nexus  
  46  4:32  Pylon  
  46  4:35  Pylon  
  46  4:37  Probe  
  47  4:38  Probe  
  48  4:52  Probe  
  49  4:53  Pylon  
  49  4:55  Probe  
  49  4:57  Protoss Air Weapons Level 1  
  49  4:59  Assimilator  
  50  5:01  Phoenix  
  50  5:02  Phoenix  
  50  5:03  Assimilator  
  50  5:05  Probe  
  55  5:19  Probe  
  55  5:20  Probe  
  57  5:32  Probe x2  
  59  5:37  Phoenix  
  59  5:38  Phoenix  
  63  5:44  Stalker x2, Probe x2  
  63  5:45  Stalker  
  63  5:48  Probe  
  72  5:56  Probe  
  73  6:08  Assimilator  
  73  6:10  Probe x2  
  75  6:12  Probe  
  75  6:13  Assimilator  
  76  6:22  Probe x2  
  78  6:28  Probe  
  79  6:34  Probe x2  
  79  6:40  Probe  
  79  6:46  Probe  
  75  6:53  Phoenix x2  
  79  7:07  Fleet Beacon  
  79  7:09  Twilight Council  
  79  7:11  Forge  
  79  7:12  Forge  
  79  7:13  Protoss Air Armor Level 1  
  79  7:14  Forge  
  79  7:17  Cybernetics Core  
  79  7:23  Gateway  
  79  7:26  Gateway  
  79  7:28  Gateway  
  79  7:30  Gateway  
  79  7:38  Probe x3  
  79  7:42  Phoenix x2  
  86  7:44  Nexus  
  86  7:45  Pylon  
  86  7:49  Pylon  
  86  7:50  Stalker x2, Probe x3  
  86  7:51  Stalker  
  95  7:52  Pylon  
  95  7:55  Pylon  
  95  8:02  Pylon  
  95  8:07  Phoenix x2  
  95  8:12  Pylon  
  99  8:15  Protoss Ground Armor Level 1, Protoss Ground Weapons Level 1  
  99  8:16  Protoss Shields Level 1  
  99  8:19  Stalker x2  
  103  8:20  Stalker x2  
  103  8:21  Blink  
  103  8:24  Anion Pulse-Crystals  
  107  8:31  Stalker  
  107  8:32  Stalker x2, Phoenix x2  
  117  8:55  Pylon x2  
  117  8:57  Pylon  
  117  8:59  Pylon  
  117  9:04  Templar Archives  
  117  9:10  Probe x3  
  117  9:15  Probe  
  121  9:22  Probe x2  
  123  9:24  Gateway  
  123  9:25  Assimilator  
  123  9:27  Gateway, Assimilator  
  123  9:28  Gateway x2, Unknown  
  123  9:33  Gateway  
  123  9:34  Gateway, Protoss Air Armor Level 2  
  123  9:37  Protoss Air Weapons Level 2  
  123  9:58  Probe x3  
  123  9:59  Probe  
  127  10:06  Stalker x5  
  137  10:09  Stalker  
  137  10:10  Stalker, Probe x3  
  137  10:13  Nexus  
  144  10:16  Void Ray, Pylon  
  144  10:18  Pylon  
  144  10:20  Void Ray  
  151  10:22  Gateway  
  151  10:25  Gateway  
  143  10:29  Gateway  
  143  10:31  Gateway  
  125  11:14  Phoenix x2  
  129  11:27  Probe x3  
  129  11:28  Probe  
  129  11:32  Stalker x4  
  139  11:33  Stalker x5  
  139  11:34  Stalker x3  
  139  11:35  Stalker x5  
  139  11:39  Phoenix x2  
  171  11:43  Assimilator  
  171  11:45  Assimilator  
  171  11:54  Protoss Ground Weapons Level 2  
  171  11:57  Protoss Ground Armor Level 2  
  171  11:59  Protoss Air Weapons Level 3  
  171  12:01  Protoss Air Armor Level 3  
  171  12:03  Phoenix  
  171  12:04  Protoss Shields Level 2, Phoenix  
  175  12:20  Nexus  
  175  12:24  Pylon  
  175  12:27  Pylon  
  175  12:28  Phoenix  
  175  12:29  Phoenix  
  179  12:53  Phoenix  
  179  12:54  Phoenix  
  183  12:59  Stalker x3  
  183  13:00  Stalker x3  
  183  13:01  Stalker x2  
  119  15:20  Stalker  
  119  15:21  Stalker x4  
  89  15:22  Stalker x4  
  89  15:23  Stalker x5  
  89  15:24  Stalker x2  
  89  15:25  Stalker  
  119  15:28  Phoenix x2  
  106  15:50  Phoenix x2  
  106  15:52  Stalker x4  
  106  15:53  Stalker  
  102  16:00  Stalker x2, Assimilator  
  102  16:01  Stalker x3  
  102  16:02  Assimilator, High Templar x5  
  102  16:03  High Templar x2  
  116  16:07  Archon x3  
  116  16:12  Phoenix  
  116  16:13  Phoenix  
  120  16:18  High Templar  
  120  16:19  High Templar x3  
  120  16:20  High Templar  
  120  16:22  Archon  
  120  16:23  Archon  
  130  16:26  Archon  
  130  16:30  Phoenix x2  
  134  16:43  Charge  
  134  16:50  Phoenix x2  
  134  16:53  High Templar x2  
  134  16:54  High Templar x2  
  140  16:55  High Templar x2  
  150  17:02  Archon x2  
  150  17:03  Archon  
  150  17:07  Phoenix x2  
  154  17:28  Phoenix x2  
  138  17:55  Phoenix x2  
  82  18:20  Phoenix x2  
  78  18:34  Stalker x2  
  78  18:35  Stalker x3  
  78  18:36  Stalker x3  
  78  18:37  Stalker x3  
  78  18:38  Stalker x4  
  108  18:45  Phoenix  
  104  18:59  Stalker x4  
  104  19:00  Stalker x5  
  104  19:01  Stalker x3  
  104  19:02  Stalker x3  
Show
View Real Time Build Order
Export as new Build Order

tigro Terran 

Build Orders:  

Get SALT Encoding   

  12  0:03  SCV  
  13  0:15  SCV  
  14  0:30  SCV  
  14  0:31  Supply Depot  
  15  0:42  Refinery  
  15  0:53  Supply Depot, SCV  
  16  1:00  Barracks  
  16  1:20  Engineering Bay  
  16  1:22  Refinery, SCV  
  17  1:34  SCV  
  18  1:46  SCV  
  19  1:49  Marine  
  20  1:58  SCV  
  21  2:07  Marine  
  22  2:10  SCV  
  22  2:13  Factory  
  23  2:22  SCV  
  24  2:25  Marine  
  25  2:34  SCV  
  26  2:43  Marine  
  27  2:57  Factory Tech Lab  
  27  3:01  Marine  
  28  3:09  Armory  
  28  3:18  Siege Tank  
  31  3:22  Barracks Tech Lab  
  31  3:25  Command Center  
  31  3:40  Orbital Command  
  31  3:42  Combat Shield  
  31  4:07  Missile Turret  
  31  4:25  Siege Tank  
  34  4:31  Missile Turret  
  34  4:37  Terran Infantry Weapons Level 1  
  34  4:39  Refinery  
  34  4:49  SCV  
  35  5:01  Stimpack, Missile Turret, SCV  
  36  5:13  SCV  
  37  5:25  SCV  
  37  5:26  Refinery  
  37  5:27  Missile Turret  
  38  5:37  SCV  
  38  5:40  Marine  
  40  5:49  SCV  
  41  5:54  Starport  
  41  5:58  Marine  
  41  6:01  SCV  
  43  6:13  SCV  
  43  6:16  Marine  
  45  6:26  SCV  
  45  6:32  Terran Infantry Armor Level 1, Starport  
  46  6:34  Marine  
  47  6:52  Marine  
  48  6:56  Medivac  
  50  7:06  SCV  
  51  7:10  Starport Tech Lab  
  51  7:14  Thor  
  57  7:18  SCV  
  60  7:30  SCV  
  60  7:33  Supply Depot  
  59  7:37  Starport Tech Lab  
  59  7:42  SCV  
  60  7:54  SCV  
  60  7:56  Supply Depot  
  60  7:57  Thor  
  67  8:07  SCV  
  68  8:19  SCV  
  69  8:31  SCV  
  70  8:40  Thor  
  76  9:55  Fusion Core  
  76  10:02  Barracks  
  76  10:20  Terran Vehicle And Ship Armor Level 1  
  68  10:56  Marine  
  65  11:08  Weapon Refit  
  65  11:12  Barracks Reactor  
  65  11:14  Marine  
  66  11:31  Marine  
  67  11:43  Missile Turret  
  67  11:49  Marine  
  68  11:59  Terran Infantry Weapons Level 2  
  68  12:03  Missile Turret  
  68  12:04  Battlecruiser  
  68  12:05  Battlecruiser  
  68  12:07  Command Center, Marine  
  81  12:14  Terran Vehicle Weapons Level 1  
  81  12:25  Missile Turret  
  81  12:34  Marine  
  81  12:35  Marine x2  
  84  12:47  Missile Turret  
  84  12:48  Rapid Reignition System  
  84  12:52  Marine x2  
  84  12:53  Marine  
  87  13:07  Missile Turret  
  87  13:09  Battlecruiser  
  87  13:10  Marine  
  94  13:18  Marine x2  
  94  13:19  Battlecruiser  
  102  13:22  Refinery  
  102  13:28  Marine  
  103  13:36  Marine x2  
  103  13:40  Missile Turret  
  105  13:54  Marine  
  105  13:55  SCV  
  107  14:00  Missile Turret  
  107  14:07  SCV  
  107  14:08  Terran Ship Weapons Level 1  
  108  14:13  Refinery  
  108  14:14  Terran Infantry Armor Level 2  
  108  14:18  Marine  
  109  14:36  Supply Depot  
  109  14:57  Thor, Marine x2  
  109  14:58  Supply Depot  
  117  15:03  Marine, SCV  
  117  15:04  Battlecruiser  
  113  15:07  Battlecruiser  
  107  15:15  Marine x2, SCV  
  107  15:20  Marine  
  110  15:21  Supply Depot  
  110  15:27  SCV  
  91  15:33  Marine x2  
  77  15:38  Marine  
  77  15:40  Thor  
  84  15:44  Supply Depot  
  84  15:50  Marine x2  
  86  16:08  Marine, Battlecruiser  
  86  16:11  Battlecruiser  
  98  16:23  Thor, Missile Turret  
  100  16:30  Neosteel Armor  
  100  16:46  Missile Turret  
  76  17:05  Thor  
  76  17:13  Battlecruiser  
  76  17:15  Battlecruiser  
  76  17:23  Missile Turret  
  76  17:46  Missile Turret  
  76  17:48  Thor, Marine x2  
  76  17:49  Marine  
  85  18:06  Marine x3  
  85  18:07  Missile Turret  
  85  18:10  Hi-Sec Auto Tracking  
  88  18:24  Marine x3  
  85  18:28  Missile Turret  
  79  18:42  Marine x3  
  75  18:53  Missile Turret  
Show
View Real Time Build Order
Export as new Build Order

MrFercho Zerg 

Build Orders: Hatch First 

Get SALT Encoding   

  12  0:01  Drone  
  13  0:13  Overlord  
  13  0:21  Drone  
  14  0:31  Drone x2  
  16  0:51  Drone x2  
  18  1:01  Hatchery  
  18  1:03  Drone  
  18  1:13  Extractor  
  17  1:20  Spawning Pool  
  17  1:21  Drone  
  18  1:25  Drone  
  18  1:29  Drone  
  19  1:40  Overlord  
  19  1:58  Drone  
  19  2:01  Drone  
  21  2:13  Queen  
  21  2:14  Queen  
  25  2:17  Drone  
  25  2:22  Drone  
  27  2:23  Drone  
  28  2:35  Drone  
  29  2:41  Hatchery  
  28  2:45  Extractor  
  30  2:51  Drone x3  
  30  2:56  Metabolic Boost  
  30  3:01  Lair  
  30  3:04  Drone  
  31  3:09  Drone  
  32  3:18  Drone  
  32  3:19  Drone  
  36  3:20  Drone x2  
  36  3:40  Overlord x2  
  36  3:41  Overlord  
  36  3:56  Drone x4  
  36  3:58  Drone x2  
  42  4:22  Extractor, Drone x3  
  42  4:23  Drone x3  
  47  4:32  Roach Warren  
  47  4:37  Evolution Chamber x2  
  44  4:42  Drone x3  
  44  4:43  Drone x4  
  51  4:59  Drone x4  
  55  5:06  Spine Crawler  
  54  5:09  Spine Crawler  
  54  5:10  Drone  
  54  5:14  Spine Crawler  
  54  5:17  Extractor, Drone x8  
  60  5:22  Zerg Melee Weapons Level 1, Zerg Missile Weapons Level 1  
  60  5:28  Extractor  
  60  5:29  Overlord x2  
  59  5:39  Hydralisk Den, Drone  
  59  5:43  Drone  
  59  5:47  Glial Reconstitution  
  60  5:52  Drone x4  
  64  6:09  Spore Crawler  
  63  6:15  Extractor  
  63  6:16  Spore Crawler  
  55  6:19  Grooved Spines  
  55  6:23  Queen  
  53  6:35  Drone x6  
  53  6:37  Drone x2  
  53  6:38  Drone  
  62  6:44  Roach x2  
  66  6:50  Spore Crawler  
  67  6:54  Drone x3  
  67  6:55  Spore Crawler  
  67  6:59  Queen  
  69  7:10  Infestation Pit  
  69  7:12  Drone  
  69  7:16  Overlord x5  
  69  7:28  Drone  
  69  7:29  Drone x5  
  75  7:31  Muscular Augments  
  75  7:48  Hatchery  
  75  7:50  Hatchery  
  73  7:52  Hatchery  
  73  7:53  Hatchery, Spire  
  67  7:58  Spore Crawler  
  67  7:59  Spore Crawler  
  65  8:18  Drone x4  
  65  8:19  Drone x3  
  72  8:23  Hydralisk x7  
  86  8:40  Zergling x8  
  90  8:45  Zerg Missile Weapons Level 2, Zerg Melee Weapons Level 2  
  90  8:47  Hatchery  
  89  8:50  Extractor  
  89  8:52  Extractor, Hive  
  89  8:53  Evolution Chamber  
  86  9:12  Lurker Den  
  86  9:15  Drone  
  86  9:16  Drone  
  87  9:27  Pneumatized Carapace  
  87  9:39  Burrow  
  87  9:56  Drone x8  
  87  9:57  Drone x10  
  87  9:58  Drone x4  
  87  9:59  Drone x2  
  111  10:02  Queen  
  111  10:07  Greater Spire  
  113  10:10  Seismic Spines  
  113  10:15  Neural Parasite  
  113  10:33  Corruptor  
  113  10:34  Corruptor x14  
  143  10:43  Queen, Spire  
  144  11:07  Adaptive Talons  
  144  11:22  Hatchery  
  143  11:34  Pathogen Glands  
  143  11:45  Overlord x3  
  143  11:46  Overlord x5  
  143  11:48  Overlord x8  
  143  11:55  Hatchery, Zerg Flyer Armor Level 1  
  143  11:58  Zerg Flyer Weapons Level 1  
  142  12:03  Hatchery  
  142  12:04  Hatchery  
  140  12:25  Extractor  
  140  12:27  Extractor  
  140  12:28  Hydralisk x14  
  140  12:29  Hydralisk x16  
  196  12:33  Lurker x2  
  165  13:35  Hydralisk x17  
  172  14:40  Corruptor x10  
  172  14:41  Corruptor x11  
  153  14:53  Zerg Flyer Armor Level 2  
  138  15:02  Zerg Missile Weapons Level 3  
  124  15:20  Adrenal Glands  
  98  15:50  Corruptor  
  98  15:51  Corruptor x8  
  98  16:06  Corruptor x2  
  98  16:07  Corruptor x2  
  86  16:27  Corruptor x4  
  94  16:33  Zergling x4  
  94  16:34  Zergling x28  
  74  17:09  Corruptor x5  
  74  17:10  Corruptor x3  
  88  17:17  Corruptor x2  
  65  17:47  Roach x10  
  51  18:21  Corruptor  
  51  18:22  Corruptor x3  
  27  18:45  Ravager  
Tags
 
Add a new tag
Caveats
  • Supply blocks, unpowered buildings, or Contaminate may cause inaccurate times.
  • Supply counts are checked every 10 seconds.